AoeStats
← GELO163Rus

Arena

510386639Analyzed
3v3 RM · 2d ago on Sep 30, 2026· 41m 45s· 6 players
Game mode
Random Map
Map size
Normal (6 player)
Population
200
Speed
Normal
Resources
Standard
Victory
Conquest
Starting age
Dark Age
Ending age
Imperial Age
RankedLock teamsTeams togetherTeam positionsShared explorationLock speedFull tech treeHidden civsTurbo modeCheats
Victory
Defeat
🇷🇺 Armenians · Russia
1456
+7
🇷🇺 Danes · Russia
1348
+11
🇸🇪 Saracens · Sweden
1292
+12
🇬🇾 Malay · Guyana
1278
-12
🇷🇺 Danes · Russia
1216
-10
🇨🇳 Danes · China
1184
-8
Twisted Fate
9:35 Feudal Age
9:12 Double-Bit Axe
9:08 Horse Collar
16:04 Castle Age
15:54 Bow Saw
18:59 Wheelbarrow
18:40 Gold Mining
21:48 Hand Cart
21:22 Town Watch
21:22 Loom
22:44 Heavy Plow
28:08 Imperial Age
25:54 Scale Barding Armor
27:25 Husbandry
28:35 Chemistry
27:49 Forging
29:56 Block Printing
31:10 Iron Casting
32:41 Elite Battle Elephant
35:10 Gold Shaft Mining
34:25 Stone Mining
34:33 Man-at-Arms
35:13 Squires
36:25 Blast Furnace
36:30 Conscription
36:03 Long Swordsman
36:29 Arson
36:54 Two-Handed Swordsman
38:25 Forced Levy
Вороня
10:59 Feudal Age
11:08 Man-at-Arms
11:38 Arson
16:07 Fletching
17:23 Loom
18:43 Double-Bit Axe
21:05 Wheelbarrow
25:07 Castle Age
24:29 Padded Archer Armor
26:37 Gambesons
26:52 Squires
La Hire
9:40 Feudal Age
14:20 Castle Age
12:33 Horse Collar
13:34 Double-Bit Axe
17:34 Bow Saw
18:40 Loom
20:58 Heavy Plow
23:08 Wheelbarrow
23:07 Town Watch
24:26 Hand Cart
24:40 Gold Mining
24:40 Stone Mining
26:48 Gold Shaft Mining
26:49 Stone Shaft Mining
27:18 Scale Mail Armor
28:07 Forging
28:13 Chain Mail Armor
28:09 Town Watch
27:50 Hamask
31:56 Imperial Age
30:44 Iron Casting
30:56 Squires
30:42 Arson
31:34 Ballistics
31:07 Fletching
33:19 Conscription
32:25 Elite Jomsviking
33:36 Plate Mail Armor
34:07 Blast Furnace
34:12 Chemistry
35:09 Heavy Scorpion
35:26 Capped Ram
36:16 Siege Engineers
38:02 Hoardings
36:55 Capped Ram
38:38 Bodkin Arrow
39:12 Siege Ram
40:53 Light Cavalry
41:44 Bloodlines
41:34 Husbandry
41:39 Bracer
41:40 Padded Archer Armor
41:45 Scale Barding Armor
42:24 Masonry
nikolay.borisbl4
6:41 Loom
9:10 Feudal Age
12:39 Fletching
16:43 Town Watch
17:37 Horse Collar
18:20 Double-Bit Axe
19:38 Padded Archer Armor
21:23 Wheelbarrow
25:05 Castle Age
23:40 Gold Mining
25:11 Crossbowman
25:48 Bodkin Arrow
27:25 Hand Cart
27:25 Bow Saw
27:51 Gold Shaft Mining
28:12 Ballistics
35:42 Imperial Age
35:24 Treadmill Crane
35:55 Squires
37:07 Conscription
38:55 Sanctity
38:46 Fervor
38:50 Town Patrol
39:26 Block Printing
39:30 Arbalester
40:37 Bracer
40:12 Onager
42:17 Chemistry
41:28 Scale Mail Armor
GELO163Rus
3:28 Loom
10:22 Feudal Age
12:02 Double-Bit Axe
16:39 Castle Age
14:58 Horse Collar
15:30 Stone Mining
15:41 Gold Mining
18:46 Scale Mail Armor
18:49 Squires
19:06 Heavy Plow
25:13 Chain Mail Armor
25:17 Forging
32:16 Imperial Age
30:24 Wheelbarrow
30:42 Pikeman
32:51 Iron Casting
32:08 Fletching
33:03 Gold Shaft Mining
32:51 Bow Saw
33:52 Conscription
34:41 Masonry
35:32 Chemistry
34:52 Ballistics
34:25 Gambesons
34:26 Arson
35:30 Plate Mail Armor
37:49 Blast Furnace
37:56 Bodkin Arrow
38:41 Hand Cart
39:24 Cranequins
40:09 Thumb Ring
40:26 Bracer
40:12 Heavy Mounted Crossbowman
41:44 Padded Archer Armor
41:34 Arrowslits
41:45 Murder Holes
The FroZen BlaDe
10:47 Feudal Age
12:11 Double-Bit Axe
14:33 Castle Age
12:32 Horse Collar
13:08 Loom
18:35 Wheelbarrow
19:54 Bow Saw
23:25 Hand Cart
24:14 Gold Mining
26:13 Forging
29:01 Imperial Age
27:14 Heavy Plow
27:01 Town Watch
27:37 Scale Barding Armor
28:08 Iron Casting
27:52 Bloodlines
27:43 Husbandry
27:58 Light Cavalry
29:47 Chain Barding Armor
29:54 Town Patrol
29:54 Elite Mameluke
31:16 Conscription
32:01 Plate Barding Armor
33:04 Plate Barding Armor
33:30 Blast Furnace
36:53 Hussar
Connection lost

Rejoining the realm…

Still unreachable

The connection could not be restored.

Session expired

The server has moved on; the page needs a fresh start.